 Dungeon Crawl Stone Soup version 0.19-a0-1057-g15bb84d (webtiles) character file.

109165 mistymad the Grappler (level 16, -7/145 HPs)
             Began as a Troll Monk on Aug 2, 2016.
             Mangled by a wolf spider (11 damage)
             ... on level 1 of the Spider Nest.
             The game lasted 01:49:51 (32444 turns).

mistymad the Grappler (Troll Monk)                 Turns: 32444, Time: 01:49:51

Health: -7/145     AC: 11    Str: 24 (25) XL:     16   Next: 4%
Magic:  0/24       EV: 12    Int:  9      God:
Gold:   2226       SH: 18    Dex: 11      Spells: 5 memorised, 13 levels left

rFire  . . .     SeeInvis .       - Unarmed
rCold  . . .     Gourm    +     Q - +0 swamp dragon armour
rNeg   . . .     Faith    .     Z - +0 large shield
rPois  +         Spirit   +     (helmet restricted)
rElec  .         Dismiss  .     E - +2 cloak
rCorr  +         Reflect  .     (gloves unavailable)
SustAt .         Harm     .     (boots unavailable)
MR     +....     Clarity  +     y - amulet of guardian spirit
Stlth  +.........               C - +2 ring of strength
                                t - ring of resist corrosion

@: corroded, somewhat resistant to hostile enchantments, very unstealthy
A: unfitting armour, claws 3, rough black scales 1, clarity, deterioration 1,
dopey 1, fast metabolism 3, frail 1, gourmand, mutation resistance 1,
regeneration 2, shaggy fur 1, tough skin 2, no device heal 1
a: no special abilities


You were on level 1 of the Spider Nest.
You were full.

You visited 7 branches of the dungeon, and saw 27 of its levels.
You also visited: Volcano.

You collected 3417 gold pieces.
You spent 1191 gold pieces at shops.

Inventory:

Hand Weapons
 a - a +6 giant spiked club of crushing
Missiles
 f - 18 large rocks (quivered)
 H - 8 javelins of returning
 T - 2 throwing nets
Armour
 v - a +2 robe of magic resistance
 E - a +2 cloak (worn)
 L - a +2 robe of resistance
 Q - a +0 swamp dragon armour (worn)
 U - the +1 robe "Itwupn" {rElec}
   (You found it on level 11 of the Dungeon)

   It insulates you from electricity.
 X - the +2 robe of the Armadillo {Int+4 Dex+2}
   (You found it on level 5 of the Lair of Beasts)

   It affects your intelligence (+4).
   It affects your dexterity (+2).
 Z - a +0 large shield (worn)
Jewellery
 j - an uncursed ring of protection from fire
 t - a ring of resist corrosion (left claw)
 y - an amulet of guardian spirit (around neck)
 C - a +2 ring of strength (right claw)
 P - an uncursed ring of fire
Wands
 c - a wand of paralysis (11/24)
 o - a wand of digging (5/24)
 x - a wand of digging (18/24)
 J - a wand of confusion (5/48)
 O - a wand of acid (1/15)
 R - a wand of digging (12/24)
Scrolls
 g - 4 scrolls of fear
 h - 4 scrolls of magic mapping
 k - 2 scrolls of teleportation
 l - 6 scrolls of remove curse
 p - 4 scrolls of fog
 u - 3 scrolls of recharging
 F - a scroll of amnesia
 M - 2 scrolls of blinking
 V - 2 scrolls of identify
 Y - 3 scrolls of enchant armour
Potions
 i - 6 potions of cancellation
 m - 8 potions of curing
 r - a potion of ambrosia
 w - 5 potions of resistance
 A - 3 potions of flight
 B - 5 potions of haste
 D - 4 potions of agility
 I - a potion of beneficial mutation
 K - 5 potions of brilliance
 N - a potion of cure mutation
 S - a potion of heal wounds
Miscellaneous
 e - a phial of floods
 W - a sack of spiders
Comestibles
 b - 10 bread rations
 d - 5 beef jerkies
 n - 15 meat rations
 s - 5 slices of pizza
 z - 4 fruits
 G - 11 royal jellies


   Skills:
 - Level 11.1 Fighting
 - Level 6.1 Throwing
 - Level 11.1 Dodging
 - Level 1.1 Stealth
 + Level 10.4 Shields
 - Level 13.5 Unarmed Combat
 + Level 6.2 Spellcasting
 + Level 4.7 Translocations
 + Level 5.8 Earth Magic


You had 13 spell levels left.
You knew the following spells:

 Your Spells              Type           Power        Failure   Level  Hunger
a - Regeneration          Chrm/Necr      #.........   100%        3    ###....
b - Song of Slaying       Chrm           #.......     96%         2    ##.....
c - Shroud of Golubria    Chrm/Tloc      #.........   65%         2    ##.....
d - Apportation           Tloc           ##........   14%         1    None
e - Statue Form           Tmut/Erth      #........    100%        6    #######


Dungeon Overview and Level Annotations

Branches:
Dungeon (15/15)            Temple (1/1) D:6            Lair (6/6) D:10
 Shoals (0/4) Lair:2       Spider (1/4) Lair:3        Slime (1/5) Lair:5
    Orc (2/2) D:9             Elf (0/3) Orc:2        Vaults (0/5) D:14
 Depths (1/5) D:15

Altars:
Ashenzari
Cheibriados
Dithmenos
Elyvilon
Fedhas
Gozag
Hepliaklqana
Kikubaaqudgha
Makhleb
Nemelex Xobeh
Okawaru
Pakellas
Qazlal
Ru
Sif Muna
Trog
Uskayaw
Vehumet
Xom
Yredelemnul
Zin
The Shining One
Beogh

Shops:
Orc:1 }   Orc:2 *[(:

Portals:
Trove: D:11 (show slimy rune of Zot)

Annotations:
Lair:1 Sagrath01's ghost, journeyman CeGl
Lair:6 Aquadorian's ghost, journeyman MiMo


Innate Abilities, Weirdness & Mutations

You are too large for most types of armour.
You have claws for hands.
Your metabolism is lightning-fast.
You like to eat raw meat.
You heal very quickly.
You are covered in fur. (AC +1)
You have very tough skin. (AC +2)
You are partially covered in rough black scales. (AC +2, Dex -1)
You possess an exceptional clarity of mind.
Your body sometimes deteriorates upon taking damage.
You are dopey. (Int -2)
You are frail. (-10% HP)
You are somewhat resistant to further mutation.
Potions and wands are less effective at restoring your health.


Message History

* * * LOW HITPOINT WARNING * * *
You block the redback's attack.
You take 6 damage, and have 18/145 hp.
You now have 3/24 mp.
Your system partially rejects the healing.
You feel better.
Your surroundings suddenly seem different.
A wolf spider comes into view.
The wolf spider hisses angrily.
Found a flail.
You regained 8 hp, and now have 26/145 hp.
The wolf spider hits you!
* * * LOW HITPOINT WARNING * * *
The wolf spider bites you!
* * * LOW HITPOINT WARNING * * *
You take 15 damage, and have 11/145 hp.
You now have 1/24 mp.
Your system partially rejects the healing.
You feel better. The wolf spider hits you!
* * * LOW HITPOINT WARNING * * *
You block the wolf spider's attack. The wolf spider hits you!
You die...

####..#..###
....^##....##...
....##.<........
#####....#.....[ #
#....## ##... #####..##
. .##....# ######
.##...## ####....##
.##...## #^..@....#
..#....##........s....#
.##.....###..#####....#
..........#. ....#
.....#....# ...)..
##...###### .....
.##.## ..... ..### ....
..##


You could see a wolf spider.

Vanquished Creatures
  A fire giant (Depths:1)
  A frost giant (Depths:1)
  An orc warlord (Orc:2)
  A stone giant (D:15)
  A rakshasa (D:15)
  The ghost of Xiguana the Destroyer, a journeyman TeCj of Vehumet (Lair:4)
  A vault guard (D:14)
  6 centaur warriors
  7 hydras
  2 catoblepae
  The ghost of braks the Destroyer, a novice DrCj of Sif Muna (D:11)
  An ogre mage (D:14)
  2 tengu warriors (D:14)
  A deep troll earth mage (D:15)
  An orc high priest (Orc:2)
  Sonja (Lair:4)
  An unseen horror (D:14)
  2 wizards
  4 deep trolls
  A lindwurm (Volcano)
  6 orc knights
  9 hill giants
  A necromancer (D:15)
  2 wolf spider zombies (D:14)
  4 orc sorcerers
  An orb spider (Spider:1)
  3 griffons
  4 deep elf magi
  17 ugly things
  2 wolf spiders
  4 manticores
  2 cyclopes
  A moth of wrath (shapeshifter) (D:14)
  A moth of wrath (Spider:1)
  5 black mambas
  7 centaur zombies
  11 elephants
  A naga mage (D:15)
  A gargoyle (D:14)
  28 spiny frogs
  2 rime drakes (Lair:5)
  7 komodo dragons
  3 kobold demonologists
  2 demonic crawlers (Spider:1)
  A redback zombie (D:15)
  4 jumping spiders (Spider:1)
  10 trolls
  7 meliai (D:14)
  A polar bear (Lair:5)
  Grinder (D:5)
  A polar bear (shapeshifter) (D:15)
  13 blink frogs
  5 giant leeches
  5 two-headed ogres
  A boulder beetle (Lair:3)
  3 slime creatures (D:15)
  2 centaur simulacra (D:15)
  A redback (Lair:3)
  3 tarantellas (Spider:1)
  Sigmund (D:6)
  36 yaks
  4 wyverns
  A wraith (D:12)
  8 hippogriffs
  2 basilisks (Lair:5)
  4 hungry ghosts
  13 vampire mosquitoes
  The ghost of Lokkij the Chiller, an amateur NaIE of Sif Muna (D:4)
  Edmund (D:5)
  3 mottled dragons
  2 wargs
  5 insubstantial wisps (Lair:3)
  Duvessa (D:6)
  11 water moccasins
  A hell hound (Volcano)
  24 orc warriors
  7 porcupines
  5 sky beasts
  A black bear (D:11)
  A black bear (shapeshifter) (D:15)
  A swamp drake (D:9)
  6 ice beasts
  3 necrophages
  3 phantoms
  20 ogres
  28 wolves
  9 centaurs
  16 crocodiles
  3 big kobolds
  21 giant frogs
  5 scorpions
  Dowan (D:6)
  10 killer bees
  17 wights
  An electric eel (Lair:6)
  A howler monkey (D:14)
  2 giant frog zombies (D:12)
  4 lava snakes (Volcano)
  6 crimson imps
  3 giant frog skeletons
  9 hounds
  22 jellies
  4 centaur skeletons
  16 orc priests
  25 orc wizards
  A gnoll shaman (Orc:2)
  Crazy Yiuf (D:5)
  Jessica (D:3)
  7 iguanas
  Ijyb (D:2)
  6 hell rats (Lair:4)
  13 worker ants
  13 sheep (Lair:5)
  A hound zombie (D:11)
  14 adders
  6 gnolls
  28 river rats
  7 shadow imps
  7 oozes
  An adder skeleton (D:4)
  3 dart slugs (D:1)
  8 giant geckos
  82 orcs
  11 giant cockroaches
  7 goblins
  7 hobgoblins
  25 jackals
  22 kobolds
  5 quokkas
  2 ball pythons
  4 bats
  A giant gecko skeleton (D:7)
  8 giant newts
  A jackal zombie (D:5)
  5 rats
  3 plants
888 creatures vanquished.

Vanquished Creatures (others)
  An adder (D:11)
  10 fungi
  35 plants
46 creatures vanquished.

Grand Total: 934 creatures vanquished

Notes
Turn   | Place    | Note
-------+----------+-------------------------------------------
     0 | D:1      | mistymad the Troll Monk began the quest for the Orb.
     0 | D:1      | Reached XP level 1. HP: 22/22 MP: 0/0
   208 | D:1      | Reached XP level 2. HP: 29/29 MP: 1/1
   661 | D:1      | Reached XP level 3. HP: 36/36 MP: 2/2
  1051 | D:2      | Reached skill level 4 in Unarmed Combat
  1311 | D:2      | Reached XP level 4. HP: 44/44 MP: 3/3
  1492 | D:2      | Noticed Ijyb
  1504 | D:2      | Killed Ijyb
  1783 | D:3      | Reached XP level 5. HP: 51/53 MP: 4/4
  2021 | D:3      | Noticed Jessica
  2043 | D:3      | Killed Jessica
  2232 | D:4      | Reached XP level 6. HP: 54/62 MP: 5/5
  2260 | D:4      | Learned a level 3 spell: Regeneration
  2309 | D:4      | Noticed Lokkij's ghost (amateur NaIE)
  2490 | D:4      | Reached skill level 5 in Unarmed Combat
  2629 | D:4      | Killed Lokkij's ghost
  2629 | D:4      | Reached XP level 7. HP: 51/70 MP: 6/6
  2969 | D:5      | Entered Level 5 of the Dungeon
  2969 | D:5      | Noticed Grinder
  3155 | D:5      | Paralysed by Grinder for 7 turns
  3170 | D:5      | Killed Grinder
  3170 | D:5      | Reached skill level 5 in Fighting
  3170 | D:5      | Reached skill level 5 in Dodging
  3170 | D:5      | Reached skill level 6 in Unarmed Combat
  3170 | D:5      | Reached XP level 8. HP: 72/80 MP: 7/7
  3768 | D:5      | Gained mutation: You tend to lose your temper in combat. [mutagenic meat]
  3774 | D:5      | Gained mutation: You are dopey. (Int -2) [mutagenic meat]
  3805 | D:5      | Noticed Edmund
  3810 | D:5      | Killed Edmund
  3920 | D:5      | Found a runed door.
  4006 | D:5      | Noticed Crazy Yiuf
  4013 | D:5      | Killed Crazy Yiuf
  4209 | D:6      | Found a staircase to the Ecumenical Temple.
  4253 | Temple   | Entered the Ecumenical Temple
  4453 | D:6      | Noticed Dowan
  4456 | D:6      | Noticed Duvessa
  4462 | D:6      | Killed Duvessa
  4462 | D:6      | Reached skill level 7 in Unarmed Combat
  4475 | D:6      | Killed Dowan
  4839 | D:6      | You fall through a shaft for 2 floors!
  4981 | D:6      | Noticed Sigmund
  4987 | D:6      | Killed Sigmund
  4987 | D:6      | Reached XP level 9. HP: 83/89 MP: 6/8
  5633 | D:7      | Reached skill level 8 in Unarmed Combat
  6333 | D:8      | Found a sparkling altar of Nemelex Xobeh.
  6686 | D:8      | Reached skill level 1 in Throwing
  6886 | D:9      | Reached XP level 10. HP: 75/102 MP: 7/9
  7070 | D:9      | Found a staircase to the Orcish Mines.
  7421 | D:9      | Reached skill level 9 in Unarmed Combat
  7635 | D:9      | Gained mutation: You possess an exceptional clarity of mind. [mutagenic meat]
  7638 | D:9      | Gained mutation: You are robust. (+10% HP) [mutagenic meat]
  7641 | D:9      | Lost mutation: You are robust. (+10% HP) [mutagenic meat]
  7644 | D:9      | Gained mutation: Your muscles are strong. (Str +2) [mutagenic meat]
  7647 | D:9      | Lost mutation: You tend to lose your temper in combat. [mutagenic meat]
  7650 | D:9      | Gained mutation: You are frail. (-10% HP) [mutagenic meat]
  7689 | D:9      | Noticed a purple ugly thing
  7763 | D:9      | Killed a purple ugly thing
  7868 | D:9      | Gained mutation: You are somewhat resistant to further mutation. [mutagenic meat]
  8196 | D:10     | Entered Level 10 of the Dungeon
  8205 | D:10     | Noticed a hill giant
  8214 | D:10     | Killed a hill giant
  8406 | D:10     | Learned a level 2 spell: Song of Slaying
  8409 | D:10     | Learned a level 2 spell: Shroud of Golubria
  8527 | D:10     | Got a slimy flail
  8528 | D:10     | Identified the +5 flail of Dorotrukhlo {freeze, Str+3 Dex+4} (You found it on level 10 of the Dungeon)
  8674 | D:10     | Noticed a manticore
  8683 | D:10     | Killed a manticore
  8743 | D:10     | Found a staircase to the Lair.
  8796 | D:10     | Noticed a hill giant
  8806 | D:10     | Killed a hill giant
  8806 | D:10     | Reached XP level 11. HP: 85/101 MP: 7/11
  8956 | D:10     | Reached skill level 1 in Spellcasting
  9610 | D:11     | Got a distressingly furry robe
  9611 | D:11     | Identified the +1 robe "Itwupn" {rElec} (You found it on level 11 of the Dungeon)
  9717 | D:11     | Found an opulent altar of Gozag.
  9770 | D:11     | Noticed braks's ghost (novice DrCj)
  9782 | D:11     | Killed braks's ghost
  9794 | D:11     | Found a portal to a secret trove of treasure.
  9886 | D:11     | Reached skill level 10 in Unarmed Combat
 10149 | D:11     | Reached skill level 5 in Throwing
 10166 | D:11     | Noticed a cyan ugly thing
 10172 | D:11     | Killed a cyan ugly thing
 10206 | D:11     | Noticed a seven-headed hydra
 10421 | Lair:1   | Entered Level 1 of the Lair of Beasts
 10563 | Lair:1   | Noticed Sagrath01's ghost (journeyman CeGl)
 11307 | Lair:2   | Found a staircase to the Shoals.
 11308 | Lair:2   | Noticed a griffon
 11333 | Lair:2   | Killed a griffon
 11803 | Lair:3   | Noticed a five-headed hydra
 11806 | Lair:3   | Killed a five-headed hydra
 11914 | Lair:3   | Noticed an eight-headed hydra
 11915 | Lair:3   | Found a hole to the Spider Nest.
 12303 | Lair:3   | Killed a 14-headed hydra
 12303 | Lair:3   | Reached XP level 12. HP: 79/110 MP: 9/15
 13333 | Lair:3   | Reached skill level 11 in Unarmed Combat
 13714 | Lair:4   | Learned a level 1 spell: Apportation
 13945 | Lair:4   | Noticed Sonja
 14048 | Lair:4   | Noticed Xiguana's ghost (journeyman TeCj)
 14139 | Lair:4   | Killed Xiguana's ghost
 14139 | Lair:4   | Reached skill level 10 in Dodging
 14345 | Lair:4   | Reached skill level 10 in Fighting
 14503 | Lair:4   | Reached skill level 1 in Shields
 14607 | Lair:4   | Killed Sonja
 14870 | Lair:4   | Reached XP level 13. HP: 68/119 MP: 10/18
 15470 | Lair:5   | Got a silken robe
 15471 | Lair:5   | Identified the +2 robe of the Armadillo {Int+4 Dex+2} (You found it on level 5 of the Lair of Beasts)
 16385 | Lair:5   | Found a staircase to the Slime Pits.
 17174 | Lair:6   | Entered Level 6 of the Lair of Beasts
 17174 | Lair:6   | Noticed Aquadorian's ghost (journeyman MiMo)
 17532 | Lair:5   | Reached skill level 12 in Unarmed Combat
 17835 | Lair:6   | Found a dark tunnel.
 17855 | Volcano  | Entered a volcano
 17978 | Volcano  | Found a burning altar of Makhleb.
 18841 | Lair:6   | Reached skill level 5 in Shields
 19174 | Lair:5   | HP: 6/122 [yak (14)]
 19562 | Lair:5   | Reached XP level 14. HP: 129/129 MP: 20/20
 21945 | D:12     | Gained mutation: You are partially covered in rough black scales. (AC +2, Dex -1) [potion of mutation]
 22017 | D:12     | Found a glowing golden altar of the Shining One.
 22486 | D:13     | Reached skill level 13 in Unarmed Combat
 23024 | D:14     | Gained mutation: You tend to lose your temper in combat. [mutagenic meat]
 23896 | Orc:1    | Entered Level 1 of the Orcish Mines
 24150 | Orc:1    | Found Xaiguax's Gadget Boutique.
 24234 | Orc:2    | Entered Level 2 of the Orcish Mines
 24537 | Orc:2    | Found a roughly hewn altar of Beogh.
 24637 | Orc:2    | Found a staircase to the Elven Halls.
 24772 | Orc:2    | Noticed an orc warlord
 24793 | Orc:2    | Killed an orc warlord
 24848 | Orc:2    | Found a roughly hewn altar of Beogh.
 24854 | Orc:2    | Paralysed by an orc sorcerer for 4 turns
 25156 | Orc:2    | Found Ytileume's Antique Weapon Shop.
 25159 | Orc:2    | Found Ceusmas's Book Shop.
 25194 | Orc:2    | Found Manug's General Store.
 25199 | Orc:2    | Found Junis's Antique Armour Shop.
 25218 | Orc:2    | Bought a book of the Earth for 1170 gold pieces
 25226 | Orc:2    | Learned a level 6 spell: Statue Form
 25279 | Orc:2    | Bought a glowing robe for 21 gold pieces
 25702 | Orc:1    | Found a roughly hewn altar of Beogh.
 26091 | Orc:1    | Reached skill level 1 in Earth Magic
 26454 | D:14     | Reached skill level 1 in Translocations
 26458 | D:14     | Reached XP level 15. HP: 137/137 MP: 21/21
 26502 | D:14     | Gained mutation: Armour fits poorly on your strangely shaped body. [mutagenic meat]
 26511 | D:14     | Lost mutation: You tend to lose your temper in combat. [mutagenic meat]
 26517 | D:14     | Lost mutation: You are somewhat resistant to further mutation. [mutagenic meat]
 26523 | D:14     | Gained mutation: Potions and wands are less effective at restoring your health. [mutagenic meat]
 26526 | D:14     | Gained mutation: Your body sometimes deteriorates upon taking damage. [mutagenic meat]
 26529 | D:14     | Lost mutation: Armour fits poorly on your strangely shaped body. [mutagenic meat]
 26763 | D:14     | Reached skill level 5 in Spellcasting
 26841 | D:14     | Found a gate to the Vaults.
 27847 | D:15     | Entered Level 15 of the Dungeon
 29010 | D:15     | Gained mutation: You have a pair of small antennae on your head. [mutagenic meat]
 29019 | D:15     | Gained mutation: You are very dopey. (Int -4) [mutagenic meat]
 29022 | D:15     | Lost mutation: Your muscles are strong. (Str +2) [mutagenic meat]
 29025 | D:15     | Gained mutation: You are somewhat resistant to further mutation. [mutagenic meat]
 29031 | D:15     | Lost mutation: You have a pair of small antennae on your head. [mutagenic meat]
 29209 | D:15     | Reached skill level 10 in Shields
 29255 | D:15     | Found a staircase to the Depths.
 29905 | Spider:1 | Entered Level 1 of the Spider Nest
 29920 | Lair:3   | Reached skill level 5 in Earth Magic
 30529 | Slime:1  | Entered Level 1 of the Pits of Slime
 30529 | Slime:1  | Noticed an acid blob
 30529 | Slime:1  | Noticed an acid blob
 30851 | Depths:1 | Entered Level 1 of the Depths
 30856 | Depths:1 | Noticed a frost giant
 30968 | Depths:1 | Killed a frost giant
 30999 | Depths:1 | Noticed a fire giant
 31141 | Depths:1 | Killed a fire giant
 31248 | D:15     | Lost mutation: You are very dopey. (Int -4) [mutagenic meat]
 31513 | Depths:1 | Noticed a titan
 32037 | D:14     | Reached XP level 16. HP: 133/145 MP: 21/24
 32444 | Spider:1 | HP: 4/145 [wolf spider (11)]
 32444 | Spider:1 | Mangled by a wolf spider

Vault maps used:
D:1:      erik_arrival_cave_to_civilisation, serial_bayou,
          serial_bayou_lagoon_a, serial_bayou_lagoon_b, serial_bayou_shore_b,
          serial_bayou_lake_a, serial_bayou_pond_e, serial_bayou_crossing,
          minmay_hexomino_f4
D:2:      first_bread, uniq_iyjb
D:3:      minmay_crystal_room, uniq_jessica
D:5:      uniq_crazy_yiuf_cottage, uniq_grinder, uniq_blork_the_orc, uniq_edmund
D:6:      uniq_duvessa, uniq_sigmund
D:8:      nemelex_xobeh_ov_fountains_minmay, minmay_misc_feat_chi
D:9:      erik_orc_1, hangedman_little_slice_of_home, grunt_ministairs_7
D:10:     wad_crossroads, david_lair_shrubbed
D:11:     nicolae_trove_entry_crystal, nicolae_gozag_seed_capital
D:12:     basic_altar
D:14:     four-leaf_vault, david_vaults_5, minmay_misc_feat_enclosed
D:15:     grunt_enter_depths_magical_seal
Temple:   kilobyte_greek_temple
Lair:2:   minmay_shoals_entry_beasts
Lair:3:   nicolae_spider_entry_non_spiders, pond
Lair:4:   grunt_megastairs_1, uniq_sonja
Lair:5:   minmay_slime_entry_jelly_boxes, infiniplex_staircase_pool
Lair:6:   minmay_lair_end_frog_pond, nicolae_volcano_entry_s_turn
Spider:1: hangedman_spider_tarantella_strand
Orc:1:    serial_shops, shop, basic_altar, nicolae_orc_tapped_out
Orc:2:    grunt_orc_cross, basic_altar
Depths:1: serial_shops, nicolae_shop_overgrown_old_shop, hellmouth_1,
          minmay_misc_feat_plants, hangedman_abyss_entry_splay,
          lightli_minifort, uniq_aizul
Volcano:  volcano_grotto

Skill      XL: |  1  2  3  4  5  6  7  8  9 10 11 12 13 14 15 |
---------------+----------------------------------------------+-----
Unarmed Combat | 4 5 6 7 8 9 10 11 12 13 | 13.5
Fighting       | 3 4 5 6 7 8 9 10 11 | 11.1
Dodging        | 3 4 5 6 7 8 9 10 11 | 11.1
Throwing       | 1 4 5 6 |  6.1
Spellcasting   | 2 4 6 |  6.2
Shields        | 1 5 9 10 | 10.4
Earth Magic    | 1 5 |  5.8
Translocations | 1 4 |  4.7
Stealth        | |  1.1

Action                   |  1- 3 |  4- 6 |  7- 9 | 10-12 | 13-15 | 16-18 || total
-------------------------+-------+-------+-------+-------+-------+-------++-------
Melee: Unarmed           |   100 |   160 |   421 |   811 |  1912 |    37 ||  3441
       Punch             |       |     4 |    14 |    43 |    30 |       ||    91
Throw: Javelin           |       |       |       |    23 |    17 |       ||    40
       Throwing net      |       |       |       |     1 |       |       ||     1
       Large rock        |       |       |       |       |    19 |       ||    19
Evoke: Wand              |       |       |       |     6 |     7 |     2 ||    15
  Use: Scroll            |       |       |    14 |    22 |    16 |     1 ||    53
       Potion            |       |       |       |       |    11 |     3 ||    14
 Stab: Sleeping          |     5 |       |     3 |     3 |     4 |       ||    15
       Distracted        |       |       |       |       |     3 |       ||     3
       Invisible         |       |       |       |       |     4 |       ||     4
       Petrified         |       |       |       |       |     1 |       ||     1
  Eat: Chunk             |    18 |    12 |    44 |    91 |   192 |     3 ||   360
Armor: Robe              |    41 |    62 |   137 |   208 |   319 |       ||   767
       Swamp dragon armo |       |       |       |       |   115 |    25 ||   140
       Skin              |       |       |       |       |     9 |       ||     9
Dodge: Dodged            |    48 |    88 |   205 |   530 |   785 |    28 ||  1684
Block: Large shield      |       |       |       |       |  1156 |    74 ||  1230
